 Dungeon Crawl Stone Soup version 0.19-a0-1019-g9c6a58d (webtiles) character file.

433 epen the Charmwright (level 7, -2/52 HPs)
             Began as a Merfolk Skald on July 25, 2016.
             Shot with an arrow by a centaur (11 damage)
             ... on level 5 of the Dungeon.
             The game lasted 00:05:59 (4234 turns).

epen the Charmwright (Merfolk Skald)                Turns: 4234, Time: 00:06:01

Health: -2/52      AC:  4    Str: 16    XL:     7   Next: 0%
Magic:  5/11       EV: 13    Int: 12    God:
Gold:   208        SH:  0    Dex: 13    Spells: 3 memorised, 5 levels left

rFire  . . .     SeeInvis .     w - +0 trident
rCold  . . .     Gourm    .     b - +0 leather armour
rNeg   . . .     Faith    .     (no shield)
rPois  .         Spirit   .     (helmet restricted)
rElec  .         Dismiss  .     (no cloak)
rCorr  .         Reflect  .     (no gloves)
SustAt .         Harm     .     g - +0 pair of boots
MR     .....     Rnd*Tele +     (no amulet)
Stlth  +.........               (no ring)
                                (no ring)

@: not resistant to hostile enchantments, very unstealthy
A: change form in water, swift swim, horns 1, strong 1, teleportitis 1
a: no special abilities


You were on level 5 of the Dungeon.
You were not hungry.

You visited 1 branch of the dungeon, and saw 5 of its levels.

You collected 208 gold pieces.

Inventory:

Hand Weapons
 a - a +0 spear
 w - a +0 trident (weapon)
Armour
 b - a +0 leather armour (worn)
 g - a +0 pair of boots (worn)
Magical Staves
 v - an uncursed staff of wizardry
Scrolls
 e - a scroll of fear {unknown}
 f - a scroll of noise {unknown}
 h - 5 scrolls of identify {unknown}
 j - a scroll of blinking {unknown}
 l - a scroll of enchant weapon {unknown}
 s - 3 scrolls of teleportation {unknown}
 t - a scroll of fog {unknown}
 u - a scroll of remove curse {unknown}
Potions
 k - a potion of agility {unknown}
 m - a potion of lignification {unknown}
 n - 2 potions of flight {unknown}
 o - a potion of haste {unknown}
 p - a potion of brilliance {unknown}
 r - a potion of might {unknown}
 z - a potion of cure mutation {unknown}
 A - a potion of curing
Books
 c - a book of Battle

   Spells                             Type                      Level
   a - Infusion                       Charms                       1
   b - Shroud of Golubria             Charms/Translocation         2
   c - Song of Slaying                Charms                       2
   d - Spectral Weapon                Hexes/Charms                 3
   e - Regeneration                   Charms/Necromancy            3
Comestibles
 d - 3 bread rations
 i - 3 meat rations
 q - a slice of pizza
 x - 3 fruits
 B - a chunk of flesh


   Skills:
 + Level 3.6 Fighting
 + Level 4.7 Polearms
 + Level 1.6 Armour
 + Level 3.2 Dodging
 + Level 2.7 Spellcasting
 * Level 2.6 Hexes
 * Level 4.8 Charms


You had 5 spell levels left.
You knew the following spells:

 Your Spells              Type           Power        Failure   Level  Hunger
a - Infusion              Chrm           ##..         4%          1    #......
b - Song of Slaying       Chrm           ##......     8%          2    ###....
c - Spectral Weapon       Hex/Chrm       ##......     24%         3    ###....


Dungeon Overview and Level Annotations

Branches:
Dungeon (5/15)
 Temple: D:4-7

Altars:
Kikubaaqudgha


Innate Abilities, Weirdness & Mutations

You revert to your normal form in water.
You are very nimble and swift while swimming.
You have a pair of small horns on your head.
Your muscles are strong. (Str +2)
You are occasionally teleported next to monsters.


Message History

The centaur shoots an arrow.
The arrow hits you.
* * * LOW HITPOINT WARNING * * *
The centaur shoots an arrow.
The arrow completely misses you.
Attack whom?
Press: ? - help, Dir - move target cursor, f - centaur
Aim: a centaur, wielding a shortbow You reach to attack!
You hit the centaur.
The centaur is lightly wounded.
Your spectral weapon hits the centaur from afar.
The centaur shoots an arrow.
The arrow closely misses you.
Attack whom?
Press: ? - help, Dir - move target cursor, f/p - centaur
Aim: a centaur, wielding a shortbow (heavily wounded)
You reach to attack!
You barely miss the centaur.
The centaur is heavily wounded.
Your spectral weapon hits the centaur but does no damage.
The centaur shoots an arrow.
The arrow hits you.
* * * LOW HITPOINT WARNING * * *
The centaur shoots an arrow.
The arrow hits you!
You die...

..## ....
...# ..#
...#
###(.#
###(†c.#
#..@#
#...(.###
.###. #


You could see a centaur and a friendly spectral trident.

Vanquished Creatures
  An ogre (D:4)
  A phantom (D:4)
  A hound (D:5)
  An orc priest (D:3)
  2 worker ants (D:4)
  7 adders
  An adder skeleton (D:4)
  3 worms
  A dart slug (D:1)
  3 giant geckos
  11 orcs (D:3)
  A ball python (D:1)
  3 giant cockroaches
  7 goblins
  4 hobgoblins
  5 jackals
  3 kobolds
  3 quokkas
  5 bats
  4 giant newts
  A jackal skeleton (D:4)
  5 rats
73 creatures vanquished.

Vanquished Creatures (others)
  2 spectral weapons
2 creatures vanquished.

Grand Total: 75 creatures vanquished

Notes
Turn   | Place    | Note
-------+----------+-------------------------------------------
     0 | D:1      | epen the Merfolk Skald began the quest for the Orb.
     0 | D:1      | Reached XP level 1. HP: 16/16 MP: 3/3
    64 | D:1      | Reached XP level 2. HP: 18/22 MP: 5/5
   677 | D:2      | Reached XP level 3. HP: 27/28 MP: 0/6
   740 | D:2      | Learned a level 2 spell: Song of Slaying
   744 | D:2      | Learned a level 3 spell: Spectral Weapon
  1141 | D:2      | Found an ancient bone altar of Kikubaaqudgha.
  1211 | D:3      | Reached skill level 1 in Armour
  1279 | D:3      | Reached XP level 4. HP: 6/34 MP: 4/7
  1281 | D:3      | Gained mutation: You are occasionally teleported next to monsters. [potion of mutation]
  1281 | D:3      | Gained mutation: Your muscles are strong. (Str +2) [potion of mutation]
  1281 | D:3      | Gained mutation: You have a pair of small horns on your head. [potion of mutation]
  1611 | D:3      | Reached skill level 1 in Hexes
  2007 | D:3      | Found a faded altar of an unknown god.
  2067 | D:3      | Reached XP level 5. HP: 33/39 MP: 8/8
  2538 | D:4      | Noticed a phantom
  3169 | D:4      | Killed a phantom
  3169 | D:4      | Reached XP level 6. HP: 47/47 MP: 3/10
  4224 | D:5      | Entered Level 5 of the Dungeon
  4232 | D:5      | Reached XP level 7. HP: 16/52 MP: 5/11
  4234 | D:5      | Shot with an arrow by a centaur

Vault maps used:
D:1:      minmay_arrival_diagonal_passages
D:2:      lemuel_doored_altar, first_bread
D:3:      ecumenical_altar_2
D:5:      slow_altar_2, enter_ossuary_4, portal_sewer_entry_f

Skill      XL: |  1  2  3  4  5  6 |
---------------+-------------------+-----
Charms         | 4 |  4.8
Armour         | 1 |  1.6
Hexes          | 1 2 |  2.6
Dodging        | 2 3 |  3.2
Fighting       | 3 |  3.6
Polearms       | 4 |  4.7
Spellcasting   | |  2.7

Action                   |  1- 3 |  4- 6 |  7- 9 || total
-------------------------+-------+-------+-------++-------
Melee: Spear             |   121 |   117 |       ||   238
       Headbutt          |       |    23 |       ||    23
       Trident           |       |    54 |     2 ||    56
 Cast: Infusion          |     3 |     1 |       ||     4
       Song of Slaying   |     1 |     3 |       ||     4
       Spectral Weapon   |       |     6 |       ||     6
  Use: Potion            |       |     2 |       ||     2
 Stab: Sleeping          |       |     1 |       ||     1
  Eat: Chunk             |     1 |    11 |       ||    12
Armor: Leather armour    |    24 |    34 |       ||    58
Dodge: Dodged            |    55 |    94 |     2 ||   151
